 Dungeon Crawl Stone Soup version 0.28-a0-1236-gb25a51b929 (webtiles) character file.

Game seed: 14700370160144762392

2897 siradein the Blocker (level 9, -5/82 HPs)
             Began as a Minotaur Fighter on Dec 26, 2021.
             Was an Initiate of Gozag.
             Killed by divine providence
             ... invoked by an orc priest
              (16 damage)
             ... on level 8 of the Dungeon.
             The game lasted 00:09:50 (8271 turns).

siradein the Blocker (Minotaur Fighter)             Turns: 8271, Time: 00:09:50

Health: -5/82      AC: 14    Str: 23    XL:     9   Next: 49%
Magic:  8/8        EV:  5    Int:  5    God:    Gozag
Gold:   537        SH: 15    Dex: 12    Spells: 8/8 levels left

rFire   . . .      SeeInvis .   G - +0 morningstar
rCold   + . .      Faith    .   u - +0 tower shield
rNeg    + . .      Spirit   .   B - +0 chain mail
rPois   +          Reflect  .   (helmet restricted)
rElec   .          Harm     .   H - +0 cloak
rCorr   +          Rampage  .   (no gloves)
Will    .....                   A - +1 pair of boots "Tofreph" {rPois rC+ rN+}
Stlth   ..........              (no amulet)
HPRegen 0.23/turn               j - ring of resist corrosion
MPRegen 0.11/turn               (no ring)

@: no status effects
A: horns 2, retaliatory headbutt
a: Renounce Religion, Potion Petition, Call Merchant, Bribe Branch


You were on level 8 of the Dungeon.
You worshipped Gozag.
Gozag was pleased with you.
You visited 2 branches of the dungeon, and saw 9 of its levels.

You collected 803 gold pieces.
You spent 209 gold pieces at shops.
You paid 57 gold pieces to Gozag.

Inventory:

Hand Weapons
 G - a +0 morningstar (weapon)
Armour
 u - a +0 tower shield (worn)
 A - the +1 pair of boots "Tofreph" (worn) {rPois rC+ rN+}
   (You bought it in a shop on level 1 of the Dungeon)

   rC:        It protects you from cold.
   rPois:     It protects you from poison.
   rN:        It protects you from negative energy.
 B - a +0 chain mail (worn)
 H - a +0 cloak (worn)
Jewellery
 i - a ring of fire
 j - a ring of resist corrosion (left hand)
 v - a ring of wizardry
 x - a ring of wizardry
Wands
 b - a wand of polymorph (6)
 g - a wand of mindburst (14)
 D - a wand of paralysis (10)
 I - a wand of flame (16)
Scrolls
 c - 2 scrolls of acquirement
 e - a scroll of blinking {unknown}
 k - a scroll of silence {unknown}
 l - a scroll of amnesia {unknown}
 m - a scroll of fog {unknown}
 n - 2 scrolls of holy word {unknown}
 o - 2 scrolls of fear {unknown}
 q - a scroll of vulnerability {unknown}
 s - a scroll of immolation {unknown}
 w - 4 scrolls of teleportation {unknown}
 y - a scroll of enchant weapon
Potions
 a - 2 potions of lignification {unknown}
 d - 2 potions of might
 f - 2 potions of brilliance
 h - 8 potions of curing
 p - 3 potions of resistance {unknown}
 r - 2 potions of attraction
 t - a potion of heal wounds {unknown}
 z - 2 potions of ambrosia {unknown}
 C - a potion of haste {unknown}
 E - a potion of cancellation {unknown}
 F - 2 potions of degeneration {unknown}
 J - 2 potions of mutation {unknown}


   Skills:
 + Level 8.7 Fighting
 + Level 8.3 Maces & Flails
 + Level 8.7 Armour
 + Level 8.7 Shields


You had 8 spell levels left.
You didn't know any spells.
Your spell library contained the following spells:

 Spells                   Type           Power      Damage    Failure   Level
 Foxfire                  Conj/Fire      0%         2x1d4     100%        1
 Summon Small Mammal      Summ           0%         N/A       100%        1
 Call Canine Familiar     Summ           0%         N/A       100%        3
 Conjure Flame            Conj/Fire      0%         6-21      100%        3
 Inner Flame              Hex/Fire       0%         N/A       100%        3
 Summon Guardian Golem    Hex/Summ       0%         N/A       100%        3
 Flame Wave               Conj/Fire      0%         2d4       100%        4
 Conjure Ball Lightning   Conj/Air       0%         3x3d6     100%        6
 Discord                  Hex            0%         N/A       100%        8
 Disjunction              Tloc           0%         N/A       100%        8


Dungeon Overview and Level Annotations

Branches:
Dungeon (8/15)             Temple (1/1) D:4
   Lair: D:8-11

Altars:
Ashenzari
Cheibriados
Dithmenos
Elyvilon
Fedhas
Gozag
Hepliaklqana
Kikubaaqudgha
Makhleb
Nemelex Xobeh
Okawaru
Qazlal
Ru
Trog
Uskayaw
Vehumet
Wu Jian
Xom
Yredelemnul
Zin
The Shining One

Shops:
D:1 [   D:6 (


Innate Abilities, Weirdness & Mutations

You have a pair of horns on your head.
You reflexively headbutt those who attack you in melee.


Message History

The orc warrior closely misses you.
The orc is no longer distracted by gold.
The orc priest mumbles some strange prayers to Beogh against you.
Beogh smites you!
The orc warrior hits you with a +0 battleaxe!
The orc priest looks satisfied for a moment.
You barely miss the orc warrior.
The orc warrior hits you with a +0 battleaxe!
You block the orc warrior's attack.
You closely miss the orc warrior. You headbutt the orc warrior.
The orc warrior is lightly wounded.
The orc warrior hits you with a +0 battleaxe!
You hit the orc warrior.
The orc warrior is moderately wounded.
The orc warrior hits you but does no damage.
You closely miss the orc warrior.
The orc warrior is moderately wounded.
You block the orc warrior's attack. x2
You barely miss the orc warrior.
The orc warrior is moderately wounded.
The orc priest looks braver for a moment.
The orc warrior hits you but does no damage.
You hit the orc warrior but do no damage.
The orc warrior is moderately wounded.
The orc warrior hits you with a +0 battleaxe!
* * * LOW HITPOINT WARNING * * *
You completely miss the orc warrior. You headbutt the orc warrior.
The orc warrior is moderately wounded.
You block the orc warrior's attack. The orc warrior closely misses you.
You furiously retaliate!
You headbutt the orc warrior, but do no damage.
There is an open door here.
Items here: ( )))) [.
The orc priest invokes the aid of Beogh against you.
Beogh smites you!
* * * LOW HITPOINT WARNING * * *
The orc priest calls down the wrath of Beogh upon you.
Beogh smites you!
You die...
Your body crumbles into a pile of gold.

#.........## ##########......# #.
.....# #.####.# .##### $
.###.#####.####.# ..#..
.#...........##.# #.#.#
.#..#.####.#.##.# ###.#.#
.#.........#.##.# .....# #
.#..#.######.##.#######[.###.####
....#.# #.##.@.o.o.o.........#
....#.# #......######.###.##.#
......# #......# #.###.##.#
......#######.....# ###..##.##.#
....[.............# #..o..#.....
......##..........# #.##..#.##..
......##......#.### #.##..#.##..
..............#.# #.###.#.##..
................. #.# #...##..


You could see an orc warrior, an orc priest and an orc.

Vanquished Creatures
  A wyvern (D:8)
  A water moccasin (D:6)
  An ice beast (D:6)
  2 sky beasts
  2 black bears
  An orc warrior (D:6)
  4 necrophages
  2 ogres
  2 centaurs
  A phantom (D:7)
  2 bullfrogs
  A scorpion (D:4)
  A water moccasin skeleton (D:6)
  7 wights (D:7)
  A howler monkey (D:5)
  A centaur zombie (D:8)
  2 bullfrog zombies
  4 hounds
  3 jellies (D:5)
  3 orc priests
  Jessica (D:2)
  An iguana (D:4)
  4 orc wizards
  A hound skeleton (D:5)
  A gnoll (D:4)
  2 howler monkey skeletons
  6 adders
  3 shadow imps
  A white imp (D:3)
  An ufetubus (D:4)
  3 worms
  5 dart slugs
  21 orcs
  7 endoplasms
  3 giant cockroaches
  8 goblins
  A hobgoblin (D:1)
  8 jackals
  A quokka (D:2)
  6 ball pythons
  2 bats
  5 frilled lizards
  9 kobolds
  2 rats
144 creatures vanquished.

Vanquished Creatures (others)
  A quokka (D:7)
1 creature vanquished.

Grand Total: 145 creatures vanquished

Notes
Turn   | Place    | Note
-------+----------+-------------------------------------------
     0 | D:1      | siradein the Minotaur Fighter began the quest for the Orb.
     0 | D:1      | Reached XP level 1. HP: 19/19 MP: 0/0
   406 | D:1      | Reached XP level 2. HP: 24/27 MP: 1/1
   551 | D:1      | Found Fupn's Antique Armour Boutique.
  1036 | D:2      | Noticed Jessica
  1045 | D:2      | Killed Jessica
  1046 | D:2      | Reached XP level 3. HP: 20/33 MP: 2/2
  1627 | D:2      | Reached XP level 4. HP: 38/40 MP: 3/3
  2217 | D:3      | Reached XP level 5. HP: 47/47 MP: 4/4
  2739 | D:3      | Found a broken altar of Ashenzari.
  3061 | D:4      | Reached skill level 5 in Shields
  3105 | D:4      | Reached skill level 5 in Fighting
  3105 | D:4      | Reached skill level 5 in Armour
  3211 | D:4      | Reached XP level 6. HP: 50/56 MP: 5/5
  3438 | D:4      | Found a hazy altar of Hepliaklqana.
  3716 | D:4      | Found a staircase to the Ecumenical Temple.
  3901 | D:4      | Identified a scroll of acquirement
  3917 | D:5      | Entered Level 5 of the Dungeon
  4017 | D:5      | Noticed a sky beast
  4061 | D:4      | Killed a sky beast
  4062 | D:4      | Reached skill level 5 in Maces & Flails
  4062 | D:4      | Reached XP level 7. HP: 52/62 MP: 6/6
  4070 | Temple   | Entered the Ecumenical Temple
  4202 | Temple   | Became a worshipper of Gozag Ym Sagoz the Greedy
  4867 | D:5      | Found a radiant altar of Vehumet.
  5075 | D:1      | Bought a pair of polished boots for 209 gold pieces
  5075 | D:1      | Identified the +1 pair of boots "Tofreph" {rPois rC+ rN+}
                  | (You bought it in a shop on level 1 of the Dungeon)
  5315 | D:6      | Reached XP level 8. HP: 70/71 MP: 7/7
  5499 | D:6      | Found Jumoenk's Weapon Emporium.
  5957 | D:6      | Found a glowing silver altar of Zin.
  6034 | D:7      | Found a sparkling altar of Nemelex Xobeh.
  6034 | D:7      | Found a stormy altar of Qazlal.
  6986 | D:7      | Reached XP level 9. HP: 73/81 MP: 8/8
  7290 | D:7      | Found a basalt altar of Yredelemnul.
  7508 | D:7      | Found a white marble altar of Elyvilon.
  8271 | D:8      | Killed from afar by an orc priest

Illustrated notes

Levels and vault maps discovered:
D:1:      dpeg_arrival_pits, layout_loops_ring, serial_shops,
          nicolae_square_shop, chequers_jeans
D:2:      layout_basic, serial_park_tiny_pond, uniq_jessica
D:3:      layout_basic, lemuel_tele_altar, serial_co_window_serial,
          co_window_corner_a, co_window_cross_1, co_window_of_opportunity_a,
          co_window_corner_a, co_window_paths_a, co_window_corner_b,
          co_window_corner_b, co_window_of_opportunity_b, co_window_broadway_a,
          co_window_broadway_b, glass_columns_c, glass_columns_a,
          glass_columns_a, glass_columns_a
D:4:      layout_cave_pools, old_standard_altar, minmay_temple_entry_tees,
          chequers_decorated_corner, minmay_fractal_squares_diagonal_5
D:5:      layout_rooms, nicolae_vehumet_altar_sigil, minmay_misc_feat_tower,
          mrwooster_statue_mirror
D:6:      layout_rooms, zin_statuary, serial_shops,
          nicolae_shop_bloodbath_and_beyond, minmay_splitting_lines
D:7:      layout_cave_pods, elyvilon_altar_4,
          mainiacjoe_overflow_six_doors_small, gammafunk_temple_overflow_wave
D:8:      layout_basic, uniq_joseph
Temple:   dshaligram_water_room_temple

Skill      XL: |  1  2  3  4  5  6  7  8  9 |
---------------+----------------------------+-----
Fighting       | 4 5 6 7 8 |  8.7
Armour         | 4 5 6 7 8 |  8.7
Shields        | 4 5 6 8 |  8.7
Maces & Flails | 3 4 5 6 7 8 |  8.3

Action                   |  1- 3 |  4- 6 |  7- 9 || total
-------------------------+-------+-------+-------++-------
Melee: Flail             |    61 |   128 |   227 ||   416
       Headbutt          |    11 |    20 |    73 ||   104
       Morningstar       |       |       |    49 ||    49
  Use: Scroll            |       |     4 |     1 ||     5
 Stab: Distracted        |       |       |     1 ||     1
Armor: Scale mail        |    24 |    55 |    74 ||   153
       Chain mail        |       |       |    53 ||    53
Dodge: Dodged            |    19 |    54 |    43 ||   116
Block: Buckler           |    10 |    23 |       ||    33
       Tower shield      |       |    10 |   212 ||   222

Table legend: (Time is in decaauts)
 A = Elapsed time spent in this place.
 B = Non-inter-level travel time spent in this place.
 C = Inter-level travel time spent in this place.
 D = Time resting spent in this place.
 E = Time spent auto-exploring this place.
 F = Levels seen in this place.
 G = Mean time per level.
                   A        B        C        D        E       F      G
               +--------+--------+--------+--------+--------+-----+--------+
         Total |   8447 |   8151 |    296 |    563 |   6143 |   9 |  938.6 |
       Dungeon |   8305 |   8009 |    296 |    563 |   6045 |   8 | 1038.1 |
        Temple |    141 |    141 |      0 |      0 |     98 |   1 |  141.0 |
               +--------+--------+--------+--------+--------+-----+--------+

Top non-repeatable levels by time:
     D:7: 1501 daAuts
     D:6: 1290 daAuts
     D:2: 1114 daAuts
     D:3: 1100 daAuts
     D:1: 1038 daAuts
     D:5: 1005 daAuts
     D:4: 856 daAuts
     D:8: 399 daAuts
  Temple: 141 daAuts
